[Event "Team 45 45 League T36"]
[Site "Internet Chess Club"]
[Date "2008.02.03"]
[Round "2"]
[White "alastorx"]
[Black "andreip"]
[Result "1-0"]
[WhiteElo "1807"]
[BlackElo "2036"]
[Opening "Dutch: stonewall with Ba3"]
[ECO "A94"]
[Time "01:07:21"]
[TimeControl "2700+45"]

1. d4 f5 2. Nf3 Nf6 3. g3 e6 4. Bg2 d5 5. O-O Be7 6. c4 c6 7. b3 O-O 8. Ba3 Ne4
9. Bxe7 Qxe7 10. Qc2 Nd7 11. Nbd2 Ndf6 12. Ne5 Bd7 13. Rac1 Be8 14. cxd5 exd5
15. Nxe4 Nxe4 16. Bxe4 fxe4 17. f3 exf3 18. exf3 Bd7 19. Rce1 Bf5 20. Qc3 Qd6
21. Re2 Rac8 22. Qa5 a6 23. Rfe1 h5 24. b4 g5 25. Qc5 Qc7 26. a3 g4 27. fxg4
hxg4 28. Rf1 Be4 29. Ref2 Rxf2 30. Rxf2 Qg7 31. Rf4 Bf3 32. Qd6 Re8 33. Qf6 Qxf6
34. Rxf6 Rxe5 35. dxe5 Kg7 36. Rxf3 gxf3 37. Kf2 Kg6 38. g4 b6 39. Kxf3 c5 40.
bxc5 bxc5 41. h4 c4 42. Ke3 c3 43. Kd3 d4 44. h5+ Kg5 45. e6 Kf6 46. h6 {Black
resigns} 1-0

[Event "Team 45 45 League T36"]
[Site "Internet Chess Club"]
[Date "2008.02.03"]
[Round "2"]
[White "primerpaso"]
[Black "NFK"]
[Result "1-0"]
[WhiteElo "1886"]
[BlackElo "1617"]
[Opening "English: Carls' Bremen system"]
[ECO "A22"]
[Time "09:56:17"]
[TimeControl "2700+45"]

1. c4 Nf6 2. Nc3 e5 3. g3 Bc5 4. Bg2 O-O 5. e3 Nc6 6. Nge2 d6 7. O-O Bg4 8. h3
Be6 9. d4 exd4 10. exd4 Nxd4 11. Nxd4 Bxc4 12. Re1 c6 13. b3 Ba6 14. Bb2 d5 15.
Rc1 Bb6 16. Na4 Ba5 17. Re3 Bb4 18. Nf5 Bb5 19. Nxg7 Kxg7 20. Qg4+ Kh8 21. Qh4
Be7 22. Rxe7 {Black resigns} 1-0

[Event "Team 45 45 League T36"]
[Site "Internet Chess Club"]
[Date "2008.02.02"]
[Round "2"]
[White "chinta"]
[Black "gugamircea"]
[Result "0-1"]
[WhiteElo "1656"]
[BlackElo "1779"]
[Opening "Sicilian defense"]
[ECO "B20"]
[Time "13:04:34"]
[TimeControl "2700+45"]

1. e4 c5 2. Bc4 e6 3. Nc3 Ne7 4. Nf3 d5 5. exd5 exd5 6. Bb5+ Nbc6 7. O-O a6 8.
Be2 g6 9. d3 Bg7 10. Bd2 O-O 11. Qc1 Nf5 12. a3 b6 13. h3 Re8 14. Nh2 Ncd4 15.
Bg4 h5 16. Bxf5 Bxf5 17. Nd1 Rc8 18. Qb1 c4 19. Ne3 cxd3 20. Nxf5 dxc2 21. Qa2
Nxf5 22. Rac1 d4 23. Nf3 d3 24. Ng5 Rc7 25. Ne4 Rce7 26. Bg5 Qd4 27. Bxe7 Qxe4
28. Bb4 a5 29. Rfe1 Qc6 30. Rxe8+ Qxe8 31. Bd2 Qe2 32. Re1 Qxd2 33. Re8+ Bf8
{White resigns} 0-1

[Event "Team 45 45 League T36"]
[Site "Internet Chess Club"]
[Date "2008.02.02"]
[Round "2"]
[White "Victorianum"]
[Black "BrerRabbit"]
[Result "0-1"]
[WhiteElo "1664"]
[BlackElo "1594"]
[Opening "QGD semi-Slav: 5...Nd7"]
[ECO "D45"]
[Time "11:01:29"]
[TimeControl "2700+45"]

1. d4 d5 2. c4 e6 3. Nc3 c6 4. e3 Nf6 5. Nf3 Nbd7 6. c5 Be7 7. Bd3 O-O 8. O-O
Qc7 9. b4 a6 10. a4 e5 11. dxe5 Nxe5 12. Nxe5 Qxe5 13. Bb2 Qc7 14. a5 Be6 15. f3
Rad8 16. Ne2 Rfe8 17. Ng3 Qc8 18. Qc2 g6 19. Bd4 Nd7 20. Qc3 Qb8 21. f4 f5 22.
Bh8 Bf8 23. Rf3 Re7 24. h4 Bg7 25. Bxg7 Rxg7 26. h5 Rf8 27. h6 Re7 28. Kf2 Nf6
29. Ke2 Qd8 30. Kd2 Ne4+ 31. Bxe4 dxe4+ 32. Ke2 exf3+ 33. gxf3 Bd5 34. Rg1 Kf7
35. e4 fxe4 36. fxe4 Bxe4 37. Nxe4 Rxe4+ 38. Kf3 Qd4 {White resigns} 0-1

[Event "Team 45 45 League T36"]
[Site "Internet Chess Club"]
[Date "2008.02.05"]
[Round "2"]
[White "Boromir"]
[Black "SneakyRed"]
[Result "1-0"]
[WhiteElo "1992"]
[BlackElo "1774"]
[Opening "Caro-Kann: classical, Spassky variation"]
[ECO "B19"]
[Time "11:47:35"]
[TimeControl "2700+45"]

1. e4 c6 2. d4 d5 3. Nc3 dxe4 4. Nxe4 Bf5 5. Ng3 Bg6 6. h4 h6 7. Nf3 Nd7 8. h5
Bh7 9. Bd3 Bxd3 10. Qxd3 e6 11. Bf4 Qa5+ 12. Bd2 Qc7 13. O-O-O Ngf6 14. Ne4 Be7
15. Nxf6+ Nxf6 16. Ne5 c5 17. Qb5+ Kf8 18. Bf4 Bd6 19. Rhe1 Rc8 20. dxc5 Qxc5
21. Nd7+ Nxd7 22. Bxd6+ {Black resigns} 1-0

[Event "Team 45 45 League T36"]
[Site "Internet Chess Club"]
[Date "2008.02.03"]
[Round "2"]
[White "SidVicious"]
[Black "ivanson"]
[Result "1-0"]
[WhiteElo "1958"]
[BlackElo "1884"]
[Opening "English: symmetrical, Botvinnik system"]
[ECO "A36"]
[Time "18:59:09"]
[TimeControl "2700+45"]

1. c4 g6 2. Nc3 c5 3. g3 Nc6 4. Bg2 Bg7 5. e4 e5 6. Nge2 Nge7 7. O-O O-O 8. d3
d6 9. h3 Rb8 10. Be3 Be6 11. Nd5 a6 12. Qd2 Nd4 13. f4 Nxe2+ 14. Qxe2 exf4 15.
Bxf4 Nc6 16. Rab1 Nd4 17. Qd2 Bxd5 18. exd5 Qd7 19. Rbe1 Rfe8 20. Re4 f5 21.
Rxe8+ Rxe8 22. Re1 Rxe1+ 23. Qxe1 h6 24. h4 Kf7 25. Kf2 Qa4 26. Qd2 Qxa2 27.
Bxd6 Nb3 28. Qe2 Bd4+ 29. Kf3 Bf6 30. Qe6+ Kg7 31. Bf8+ Kxf8 32. Qxf6+ Ke8 33.
Qxg6+ Kd8 34. Qf6+ Ke8 35. d6 Nd4+ 36. Kf4 Ne2+ 37. Kxf5 Nxg3+ 38. Ke6 {Black
resigns} 1-0

[Event "Team 45 45 League T36"]
[Site "Internet Chess Club"]
[Date "2008.01.31"]
[Round "2"]
[White "PJ"]
[Black "Langshaw"]
[Result "1-0"]
[WhiteElo "1678"]
[BlackElo "1710"]
[Opening "Sicilian: closed, Korchnoi variation"]
[ECO "B23"]
[Time "09:03:41"]
[TimeControl "2700+45"]

1. e4 c5 2. Nc3 e6 3. g3 d5 4. exd5 exd5 5. d3 Nf6 6. Bg2 d4 7. Ne4 Nxe4 8. Bxe4
Qe7 9. Qe2 f5 10. Bg2 Qxe2+ 11. Nxe2 Nc6 12. Bd5 Bd6 13. Nf4 Nb4 14. Bb3 Bd7 15.
a3 Nc6 16. Ne6 g6 17. Bg5 Bxe6 18. Bxe6 Be7 19. Bh6 Kd8 20. Bg7 Kc7 21. Bxh8
Rxh8 22. f4 Bf6 23. Kf2 Kd6 24. Ba2 Re8 25. Rae1 Re3 26. c3 g5 27. Rxe3 dxe3+
28. Kxe3 h6 29. Kd2 gxf4 30. gxf4 Bh4 31. Rg1 Ne7 32. Ke3 b5 33. Rg7 b4 34. axb4
cxb4 35. cxb4 Bf6 36. Rh7 Bxb2 37. Rxh6+ Kc7 38. b5 Bc1+ 39. Kf3 Ba3 40. Re6 Kd7
41. h4 Bc5 42. h5 Bd4 43. h6 Ng8 44. Rg6 Ne7 45. Ra6 Kc7 46. h7 Kb7 47. Re6
{Black forfeits on time} 1-0

[Event "Team 45 45 League T36"]
[Site "Internet Chess Club"]
[Date "2008.02.02"]
[Round "2"]
[White "Konstantinos"]
[Black "AlterEgo"]
[Result "1-0"]
[WhiteElo "1643"]
[BlackElo "1633"]
[Opening "Benoni defense"]
[ECO "A56"]
[Time "11:02:18"]
[TimeControl "2700+45"]

1. d4 Nf6 2. c4 c5 3. e3 cxd4 4. exd4 d6 5. Nf3 g6 6. Nc3 Bg7 7. Be2 O-O 8. O-O
a5 9. b3 Bd7 10. Bb2 Qe8 11. Re1 Qc8 12. Rc1 Bh6 13. Ra1 Nc6 14. Bc1 Bg7 15. Be3
Re8 16. Na4 Qd8 17. Rc1 Ng4 18. Bg5 Nf6 19. Be3 Ng4 20. Bg5 Nf6 21. h3 e5 22.
dxe5 Nxe5 23. Qxd6 Nxf3+ 24. Bxf3 Rxe1+ 25. Rxe1 Bxa4 26. Qxd8+ Rxd8 27. bxa4
Rd4 28. Rc1 h6 29. Be3 Rd7 30. Bb6 {Black resigns} 1-0

[Event "Team 45 45 League T36"]
[Site "Internet Chess Club"]
[Date "2008.02.02"]
[Round "2"]
[White "Kalhalla"]
[Black "RedAttack"]
[Result "1/2-1/2"]
[WhiteElo "1823"]
[BlackElo "1957"]
[Opening "Sicilian defense"]
[ECO "B30"]
[Time "09:10:37"]
[TimeControl "2700+45"]

1. e4 c5 2. Nf3 Nc6 3. c3 e6 4. g3 d5 5. exd5 exd5 6. Qe2+ Nge7 7. Bg2 Bg4 8.
O-O g6 9. h3 Bd7 10. Ne5 Qc7 11. Nxd7 Qxd7 12. d3 Bg7 13. Bf4 O-O 14. Na3 d4 15.
c4 Rae8 16. Qd2 a6 17. Bh6 Bxh6 18. Qxh6 Nf5 19. Qd2 Re7 20. Rae1 Rfe8 21. Rxe7
Qxe7 22. Nc2 Qe2 23. Rd1 Nd8 24. Be4 Qxd2 25. Rxd2 Nd6 26. Bd5 Kg7 27. b4 b6 28.
a4 a5 29. b5 Ne6 30. Re2 Nc7 31. Rxe8 Ndxe8 32. Bf3 f5 33. Kg2 Kf6 34. Ne1 g5
35. Bc6 h5 36. f4 Ng7 37. h4 {Game drawn by mutual agreement} 1/2-1/2

[Event "Team 45 45 League T36"]
[Site "Internet Chess Club"]
[Date "2008.02.03"]
[Round "2"]
[White "jjmolina"]
[Black "Qualm"]
[Result "1/2-1/2"]
[WhiteElo "1574"]
[BlackElo "1677"]
[Opening "Hungarian defense"]
[ECO "C50"]
[Time "16:28:42"]
[TimeControl "2700+45"]

1. e4 e5 2. Nf3 Nc6 3. Bc4 Be7 4. d3 Nf6 5. a3 d6 6. h3 Na5 7. Ba2 c5 8. Nc3 Nc6
9. Ne2 Be6 10. Ng3 Bxa2 11. Rxa2 O-O 12. Bg5 Nd7 13. Qd2 Bxg5 14. Qxg5 Qxg5 15.
Nxg5 h6 16. Nf3 g6 {Game drawn by mutual agreement} 1/2-1/2

[Event "Team 45 45 League T36"]
[Site "Internet Chess Club"]
[Date "2008.02.01"]
[Round "2"]
[White "Capamuerte"]
[Black "chesskilleruk"]
[Result "1-0"]
[WhiteElo "2230"]
[BlackElo "2317"]
[Opening "Van't Kruijs opening"]
[ECO "A00"]
[Time "20:58:51"]
[TimeControl "2700+45"]

1. e3 d5 2. d4 Nf6 3. Nc3 Bf5 4. Nf3 e6 5. Bd2 Nbd7 6. h3 c6 7. Be2 Bd6 8. O-O
O-O 9. a3 a5 10. a4 h6 11. b3 Re8 12. Be1 e5 13. dxe5 Nxe5 14. Nd4 Bh7 15. Bd2
Bc7 16. Qc1 Qd6 17. f4 Ned7 18. Qb2 Nc5 19. Bf3 Qe7 20. Rab1 Bd6 21. Rfd1 Nfe4
22. Be1 Nxc3 23. Qxc3 Qxe3+ 24. Qxe3 Rxe3 25. Bf2 Ree8 26. g3 Ne4 27. Be1 g5 28.
Ne2 Bc5+ 29. Kg2 Nd6 30. Rb2 Nf5 31. Bf2 Ne3+ 32. Bxe3 Rxe3 33. fxg5 hxg5 34.
Nd4 Rc3 35. Ne2 Re3 36. Nd4 Rae8 37. g4 Rc3 38. Nf5 Re5 39. Rd3 Rxd3 40. cxd3
Bxf5 41. gxf5 Rxf5 42. Re2 Bd6 43. Re8+ Kg7 44. Ra8 Rf4 45. Rxa5 Rb4 46. Bd1 Kf6
47. Ra8 Ke5 48. Rd8 Bc5 49. Rg8 f6 50. Rc8 Kd4 51. a5 Kxd3 52. a6 bxa6 53. Rxc6
Bd4 54. Rxa6 Kd2 55. Bf3 Rxb3 56. Bxd5 Rb2 57. Kf3 Rb5 58. Ke4 Be5 59. Be6 Ke1
60. Bd5 Kf2 61. Be6 Rb4+ 62. Kf5 Kg3 63. Kg6 Kh4 64. Ra7 Kg3 65. Ra6 Kf4 66. Bf5
Rd4 67. Ra2 Rd8 68. Re2 Rg8+ 69. Kh7 Rb8 70. Kg6 Rb3 71. Re4+ Kf3 72. Ra4 Kg2
73. h4 Rg3 74. h5 Rc3 75. h6 Rb3 76. Ra8 {Black resigns} 1-0

Per a new league policy, the result is being changed to set game.

[Event "Team 45 45 League T36"]
[Site "Internet Chess Club"]
[Date "2008.02.03"]
[Round "2"]
[White "andrew28"]
[Black "FiendAngelical"]
[Result "1-0"]
[WhiteElo "1803"]
[BlackElo "1836"]
[Opening "French: advance, Euwe variation"]
[ECO "B22"]
[Time "15:01:37"]
[TimeControl "2700+45"]

1. e4 c5 2. c3 d5 3. e5 Nc6 4. d4 e6 5. Nf3 Bd7 6. Bd3 Qb6 7. dxc5 Qc7 8. Bf4
Bxc5 9. O-O Nge7 10. b4 Bb6 11. Na3 a6 12. Rc1 Ng6 13. Bxg6 hxg6 14. c4 Nxb4 15.
cxd5 Qd8 16. Bg5 f6 17. exf6 gxf6 18. dxe6 Bxe6 19. Qa4+ Nc6 20. Rxc6 bxc6 21.
Qxc6+ Bd7 22. Re1+ Kf8 23. Qd6+ Kg7 24. Re7+ Kg8 25. Qd5+ {Black resigns} 1-0

[Event "Team 45 45 League T36"]
[Site "Internet Chess Club"]
[Date "2008.02.01"]
[Round "2"]
[White "ExpertLevel"]
[Black "Shereshevsky"]
[Result "1-0"]
[WhiteElo "1764"]
[BlackElo "1460"]
[Opening "Ruy Lopez: exchange variation, Alapin gambit"]
[ECO "C68"]
[Time "19:05:12"]
[TimeControl "2700+45"]

1. e4 e5 2. Nf3 Nc6 3. Bb5 a6 4. Bxc6 dxc6 5. O-O Bg4 6. h3 h5 7. d3 Qf6 8. Nbd2
Ne7 9. d4 Bxf3 10. Nxf3 exd4 11. Bg5 Qd6 12. Qxd4 Qxd4 13. Nxd4 O-O-O 14. Nf3 f6
15. Be3 f5 16. Ng5 Rg8 17. Rad1 Rxd1 18. Rxd1 fxe4 19. Ne6 Nd5 20. c4 {Black
resigns} 1-0

[Event "Team 45 45 League T36"]
[Site "Internet Chess Club"]
[Date "2008.02.01"]
[Round "2"]
[White "MrPetrov"]
[Black "syy89"]
[Result "0-1"]
[WhiteElo "2177"]
[BlackElo "2092"]
[Opening "King's Indian: orthodox, Aronin-Taimanov, 9.Ne1"]
[ECO "E98"]
[Time "19:01:40"]
[TimeControl "2700+45"]

1. d4 Nf6 2. c4 g6 3. Nc3 Bg7 4. e4 d6 5. Be2 O-O 6. Nf3 e5 7. O-O Nc6 8. d5 Ne7
9. Ne1 Nd7 10. Be3 f5 11. f3 f4 12. Bf2 g5 13. a4 a5 14. Nd3 b6 15. Be1 h5 16.
h3 Nf6 17. Nf2 Ng6 18. Nb5 Rf7 19. b4 Bf8 20. bxa5 bxa5 21. Bc3 Rg7 22. Ra2 Nh8
23. c5 Nf7 24. Qe1 Nh6 25. Bxa5 g4 26. fxg4 hxg4 27. Nxg4 Nfxg4 28. hxg4 dxc5
29. Bc4 Bd6 30. Nxd6 Qxd6 31. Bc3 Nxg4 32. Rf3 Ne3 33. Rxe3 fxe3 34. Qxe3 Ba6
35. Bxa6 Rxa6 36. Qd3 c4 37. Qxc4 Qb6+ 38. Rf2 Rf7 39. d6 {White resigns} 0-1

[Event "Team 45 45 League T36"]
[Site "Internet Chess Club"]
[Date "2008.02.01"]
[Round "2"]
[White "elnik"]
[Black "Sleete"]
[Result "0-1"]
[WhiteElo "1858"]
[BlackElo "2101"]
[Opening "King's Indian: orthodox, 7...Nbd7"]
[ECO "E94"]
[Time "18:05:32"]
[TimeControl "2700+45"]

1. d4 Nf6 2. c4 g6 3. Nc3 Bg7 4. e4 d6 5. Nf3 O-O 6. Be2 Nbd7 7. O-O e5 8. d5
Nc5 9. Nd2 a5 10. b3 Ne8 11. a3 f5 12. f3 Bh6 13. Rb1 Bd7 14. b4 axb4 15. axb4
Na4 16. Nxa4 Be3+ 17. Kh1 Bxa4 18. Qe1 f4 19. Bd1 Bd7 20. Nb3 Bxc1 21. Rxc1 Ng7
22. c5 Ra3 23. cxd6 cxd6 24. Na5 Bb5 25. Be2 Re3 26. Nc4 Bxc4 27. Rxc4 Nh5 28.
g4 fxg3 29. hxg3 Rxe2 {White resigns} 0-1

[Event "Team 45 45 League T36"]
[Site "Internet Chess Club"]
[Date "2008.02.05"]
[Round "2"]
[White "Neo-Myshkin"]
[Black "azbycx"]
[Result "0-1"]
[WhiteElo "1938"]
[BlackElo "1869"]
[Opening "Sicilian: Nimzovich-Rubinstein variation"]
[ECO "B29"]
[Time "07:04:15"]
[TimeControl "2700+45"]

1. e4 c5 2. Nf3 Nf6 3. Nc3 d5 4. exd5 Nxd5 5. Bb5+ Bd7 6. Bxd7+ Qxd7 7. Nxd5
Qxd5 8. O-O Nc6 9. Re1 e6 10. b3 Bd6 11. Bb2 O-O 12. d3 Nd4 13. Re3 Nf5 14. Re4
Rad8 15. Ne5 Bc7 16. Qh5 f6 17. Ng4 Nd4 18. Qxd5 exd5 19. Re7 Rf7 20. Rxf7 Kxf7
21. Ne3 Be5 22. Bxd4 cxd4 23. Nf5 g6 24. Nh6+ Kg7 25. Ng4 Bd6 26. f3 Rc8 27. Rf1
Rxc2 28. Rf2 Rc3 29. Rd2 Rc1+ 30. Kf2 h5 {White resigns} 0-1

[Event "Team 45 45 League T36"]
[Site "Internet Chess Club"]
[Date "2008.02.05"]
[Round "2"]
[White "deathmage"]
[Black "Razorbackchess"]
[Result "1-0"]
[WhiteElo "1713"]
[BlackElo "1799"]
[Opening "Robatsch (modern) defense"]
[ECO "B06"]
[Time "18:08:41"]
[TimeControl "2700+45"]

1. e4 g6 2. Nf3 Bg7 3. d3 d6 4. Be2 e5 5. h3 Ne7 6. g4 Nbc6 7. c4 h6 8. Nc3 Be6
9. Be3 Qd7 10. Qd2 f5 11. gxf5 gxf5 12. exf5 Nxf5 13. O-O-O Nxe3 14. fxe3 Bxh3
15. Rdg1 Be6 16. d4 exd4 17. exd4 Bf5 18. Qe3+ Kd8 19. d5 Ne5 20. Nd4 Bf6 21.
Rxh6 Ke7 22. Rxf6 Kxf6 23. Qg5+ Kf7 24. Qg7+ {Black resigns} 1-0

[Event "Team 45 45 League T36"]
[Site "Internet Chess Club"]
[Date "2008.02.03"]
[Round "2"]
[White "iwulu"]
[Black "Bumaye"]
[Result "1/2-1/2"]
[WhiteElo "2314"]
[BlackElo "2237"]
[Opening "English opening"]
[ECO "A05"]
[Time "18:30:01"]
[TimeControl "2700+45"]

1. Nf3 Nf6 2. c4 e6 3. g3 a6 4. Nc3 d5 5. cxd5 exd5 6. Bg2 Bd6 7. O-O O-O 8. d3
c5 9. Bg5 Be6 10. e4 Be7 11. Qc2 d4 12. Na4 Nfd7 {Game drawn by mutual
agreement} 1/2-1/2

[Event "Team 45 45 League T36"]
[Site "Internet Chess Club"]
[Date "2008.02.03"]
[Round "2"]
[White "zenith"]
[Black "spacecadet"]
[Result "1-0"]
[WhiteElo "2282"]
[BlackElo "2105"]
[Opening "Queen's pawn game"]
[ECO "A46"]
[Time "11:39:17"]
[TimeControl "2700+45"]

1. d4 Nf6 2. Nf3 b5 3. g3 Bb7 4. Bg2 e6 5. O-O d5 6. Qd3 Ba6 7. c3 Bd6 8. Bg5
Nbd7 9. a4 c6 10. Nbd2 Qb6 11. a5 Qc7 12. b4 O-O 13. e4 e5 14. dxe5 Nxe5 15.
Nxe5 Bxe5 16. f4 Nxe4 17. Nxe4 dxe4 18. Bxe4 Bd6 19. Bxh7+ Kh8 20. g4 f6 21. Qh3
g6 22. Bxg6+ Kg8 23. Bh6 Rfd8 24. Qe3 Bc8 25. Bf5 Qf7 26. Rad1 Bxf5 27. gxf5 Bc7
28. Rde1 Re8 29. Qg3+ Kh7 30. Qh4 Rf8 31. Bxf8+ {Black resigns} 1-0

[Event "Team 45 45 League T36"]
[Site "Internet Chess Club"]
[Date "2008.02.03"]
[Round "2"]
[White "searchforbobby1"]
[Black "playwaycool05"]
[Result "1-0"]
[WhiteElo "2095"]
[BlackElo "2240"]
[Opening "Center game: Berger variation"]
[ECO "C22"]
[Time "22:09:41"]
[TimeControl "2700+45"]

1. e4 e5 2. d4 exd4 3. Qxd4 Nc6 4. Qe3 Nf6 5. Nc3 b6 6. Bd2 Bc5 7. Qg3 O-O 8.
O-O-O Kh8 9. e5 Ng8 10. f4 Nge7 11. Bd3 d5 12. Nf3 Nf5 13. Qh3 g6 14. g4 Ne3 15.
Ng5 h5 16. Bxe3 Bxg4 17. Qg3 Bxe3+ 18. Qxe3 d4 19. Qe4 dxc3 20. Qxc6 cxb2+ 21.
Kb1 Bxd1 22. Rxd1 Qe7 23. Bc4 Rad8 24. Rxd8 Qxd8 25. Nxf7+ Rxf7 26. Bxf7 Qd1+
27. Kxb2 Qd4+ 28. Kb3 Qe3+ 29. c3 Qxf4 30. Qe8+ Kg7 31. Qg8+ {Black resigns} 1-0

[Event "Team 45 45 League T36"]
[Site "Internet Chess Club"]
[Date "2008.02.03"]
[Round "2"]
[White "Stoneheart"]
[Black "keisher415"]
[Result "0-1"]
[WhiteElo "1966"]
[BlackElo "1910"]
[Opening "English, 1...Nf6 (Anglo-Indian defense)"]
[ECO "A15"]
[Time "20:04:49"]
[TimeControl "2700+45"]

1. c4 Nf6 2. g3 g6 3. Bg2 Bg7 4. Nc3 O-O 5. e4 d6 6. Nge2 c5 7. O-O Nc6 8. d3
Bd7 9. h3 Qc8 10. Kh2 Rb8 11. Be3 a6 12. a4 Nb4 13. Qd2 Qc7 14. f4 b6 15. f5 e6
16. Rf2 exf5 17. Raf1 Rbe8 18. exf5 Bxf5 19. Rxf5 gxf5 20. Bh6 Bxh6 21. Qxh6 Re6
22. Qg5+ Kh8 23. Nf4 Qe7 24. Nxe6 fxe6 25. Qe3 Qd7 26. d4 Nc2 27. Qh6 Qg7 28.
Qxg7+ Kxg7 29. dxc5 bxc5 30. Rf2 Ne3 31. Bb7 Nxc4 32. Bxa6 Ne5 33. Bf1 d5 34. a5
Ra8 35. a6 c4 36. b3 Rxa6 37. bxc4 Rc6 38. Nxd5 Neg4+ 39. hxg4 Nxg4+ 40. Kg2
Nxf2 41. Kxf2 exd5 42. cxd5 Rc5 43. Bg2 Kf6 44. Ke3 Ke5 45. Bf3 Rc3+ 46. Kf2 Rd3
47. Bg2 Rd2+ 48. Kg1 f4 49. gxf4+ Kxf4 50. Kh2 Kg4 {White resigns} 0-1

[Event "Team 45 45 League T36"]
[Site "Internet Chess Club"]
[Date "2008.02.01"]
[Round "2"]
[White "zeigmata"]
[Black "WesleyCrusher"]
[Result "1-0"]
[WhiteElo "2340"]
[BlackElo "2117"]
[Opening "Queen's Indian: Petrosian system"]
[ECO "E12"]
[Time "15:00:29"]
[TimeControl "2700+45"]

1. d4 Nf6 2. c4 e6 3. Nf3 b6 4. a3 Bb7 5. Nc3 Be7 6. d5 d6 7. e4 e5 8. b4 a5 9.
Rb1 axb4 10. axb4 Ba6 11. Bd3 Nbd7 12. O-O O-O 13. Nd2 g6 14. Nb3 Nh5 15. g3 Bg5
16. f4 exf4 17. gxf4 Bf6 18. Ne2 Re8 19. Ned4 Bg7 20. Qg4 Nhf6 21. Qf3 Nh5 22.
Qh3 Bb7 23. Be3 Ndf6 24. Qf3 Nd7 25. Nb5 Ra2 26. Rf2 Rxf2 27. Bxf2 Ndf6 28. Re1
Nd7 29. Bd4 Qh4 30. Rf1 Rc8 31. Bxg7 Kxg7 32. N3d4 Nhf6 33. Qg2 Ng4 34. Qg3
Qxg3+ 35. hxg3 Ba6 36. Ra1 Nb8 37. Be2 Nf6 38. e5 dxe5 39. fxe5 Ne8 40. Na7 Rd8
41. Ndc6 Nxc6 42. Nxc6 Ra8 43. c5 Bb7 44. Rxa8 Bxa8 45. Bb5 bxc5 46. bxc5 Kf8
47. d6 cxd6 48. exd6 Bxc6 49. Bxc6 Ng7 50. Bd7 Ne8 51. Kg2 Nf6 52. Bc6 Ng4 53.
Bb7 Ne3+ 54. Kf3 Nc4 55. Ke4 Ke8 56. Bd5 Nxd6+ 57. cxd6 Kd7 58. Ke5 f6+ 59. Kxf6
Kxd6 60. Bg8 Kd7 61. Bxh7 Ke8 62. Bxg6+ Kf8 63. Bh7 Ke8 64. g4 Kf8 65. g5 {Black
resigns} 1-0

[Event "Team 45 45 League T36"]
[Site "Internet Chess Club"]
[Date "2008.02.02"]
[Round "2"]
[White "Monsoon-Smith"]
[Black "ThuG"]
[Result "1/2-1/2"]
[WhiteElo "1959"]
[BlackElo "2222"]
[Opening "Benkö gambit half accepted"]
[ECO "A57"]
[Time "16:06:32"]
[TimeControl "2700+45"]

1. d4 Nf6 2. c4 c5 3. d5 b5 4. cxb5 a6 5. b6 g6 6. Nc3 Qxb6 7. Nf3 Bg7 8. e4 d6
9. Nd2 Qc7 10. a4 O-O 11. a5 Nbd7 12. Nc4 Bb7 13. Be2 Rab8 14. O-O Ne8 15. Be3
e6 16. Qd2 exd5 17. exd5 Ne5 18. Nb6 Nf6 19. Bh6 Rfe8 20. Bxg7 Kxg7 21. Bd1 Bc8
22. Bc2 Rxb6 23. axb6 Qxb6 24. b3 Ned7 25. h3 Bb7 26. Kh2 Qc7 27. Bd3 Qc8 28.
Bc4 Nb6 29. g4 Ne4 30. Nxe4 Rxe4 31. Qc3+ Kg8 32. Rad1 Nd7 33. f3 Re7 34. f4 Qe8
35. Rfe1 Nf8 36. Rxe7 Qxe7 37. Re1 Qh4 38. Re2 Bc8 {Game drawn by mutual
agreement} 1/2-1/2

[Event "Team 45 45 League T36"]
[Site "Internet Chess Club"]
[Date "2008.02.05"]
[Round "2"]
[White "Ozgur-Bjk"]
[Black "baumhauer"]
[Result "1-0"]
[WhiteElo "2156"]
[BlackElo "1982"]
[Opening "Nimzo-Indian: three knights variation"]
[ECO "E21"]
[Time "15:15:52"]
[TimeControl "2700+45"]

1. d4 Nf6 2. c4 e6 3. Nc3 Bb4 4. Nf3 O-O 5. Bg5 h6 6. Bxf6 Bxc3+ 7. bxc3 Qxf6 8.
e4 d6 9. Qd3 Nd7 10. Be2 b6 11. O-O Bb7 12. Nd2 Qg6 13. f4 f5 14. Bf3 Rab8 15.
Rae1 fxe4 16. Bxe4 Bxe4 17. Qxe4 Qxe4 18. Rxe4 Rbe8 19. Rfe1 Rf6 20. g3 Kf7 21.
Kg2 Rh8 22. Nf3 Rg8 23. h4 Re8 24. g4 Nf8 25. d5 Nd7 26. g5 Nc5 27. gxf6 Nxe4
28. Rxe4 gxf6 29. dxe6+ Rxe6 30. Rxe6 Kxe6 31. Nd4+ Kf7 32. f5 {Black resigns}
1-0

[Event "Team 45 45 League T36"]
[Site "Internet Chess Club"]
[Date "2008.02.02"]
[Round "2"]
[White "Holzschlange"]
[Black "EUPHRATES"]
[Result "0-1"]
[WhiteElo "1941"]
[BlackElo "2114"]
[Opening "Bird: From gambit"]
[ECO "A02"]
[Time "10:00:56"]
[TimeControl "2700+45"]

1. f4 e5 2. fxe5 d6 3. Nf3 dxe5 4. e4 Nc6 5. Bc4 Bc5 6. Nc3 Nf6 7. d3 h6 8. Na4
Bd6 9. Bd2 Bg4 10. a3 Qe7 11. Be3 a6 12. Ba2 Rd8 13. O-O Nd4 14. Bxd4 exd4 15.
b4 O-O 16. Qe1 Bxf3 17. Rxf3 Ng4 18. g3 Ne3 19. Qe2 Qg5 20. Nb2 b5 21. Nd1 c5
22. Nxe3 dxe3 23. Rf5 Qe7 24. Raf1 Kh8 25. c3 cxb4 26. axb4 Qc7 27. Qxe3 Qxc3
28. Qa7 Bxb4 29. Bd5 Bc5+ 30. Qxc5 Qxc5+ 31. Kh1 Qd4 32. Bxf7 Qxd3 33. Bg6 Rxf5
34. Rxf5 Qxe4+ 35. Kg1 Rd1+ 36. Kf2 Rd2+ {White resigns} 0-1

[Event "Team 45 45 League T36"]
[Site "Internet Chess Club"]
[Date "2008.02.02"]
[Round "2"]
[White "jorobo"]
[Black "onslaught"]
[Result "1/2-1/2"]
[WhiteElo "2136"]
[BlackElo "2181"]
[Opening "English: four knights, kingside fianchetto"]
[ECO "A29"]
[Time "21:57:54"]
[TimeControl "2700+45"]

1. c4 e5 2. Nc3 Nf6 3. Nf3 Nc6 4. g3 d5 5. cxd5 Nxd5 6. Bg2 Nb6 7. O-O Be7 8.
Rb1 f6 9. d4 exd4 10. Nb5 Bf5 11. Bf4 Rc8 12. Rc1 d3 13. exd3 a6 14. Nxc7+ Rxc7
15. Bxc7 Qxc7 16. Nd4 Bd7 17. Nxc6 bxc6 18. Re1 Qd6 19. Qh5+ g6 20. Qa5 Nd5 21.
Qxa6 O-O 22. a3 Rb8 23. b4 Bf8 24. Rc5 Ne7 25. Qc4+ Kg7 26. a4 Nf5 27. Bxc6 Rxb4
28. Qxb4 Bxc6 29. Rec1 Nd4 30. Qb2 Nf3+ 31. Kh1 Nd4+ 32. Kg1 Nf3+ 33. Kh1 Nd4+
{Game drawn by mutual agreement} 1/2-1/2

[Event "Team 45 45 League T36"]
[Site "Internet Chess Club"]
[Date "2008.02.04"]
[Round "2"]
[White "SpikeyJ"]
[Black "HocusPocus"]
[Result "1-0"]
[WhiteElo "2142"]
[BlackElo "2051"]
[Opening "QGD Slav: Carlsbad variation"]
[ECO "D17"]
[Time "08:03:49"]
[TimeControl "2700+45"]

1. d4 d5 2. c4 c6 3. Nc3 Nf6 4. Nf3 dxc4 5. a4 Bf5 6. Ne5 Nbd7 7. Nxc4 Qc7 8. g3
e5 9. dxe5 Nxe5 10. Bf4 Nfd7 11. Bg2 f6 12. O-O Be6 13. Nxe5 Nxe5 14. Qc2 O-O-O
15. Rac1 Kb8 16. Qe4 Bd6 17. Nb5 Qe7 18. Nxd6 Qxd6 19. Qc2 g5 20. Rfd1 Qe7 21.
Bxe5+ fxe5 22. Be4 Rd4 23. Bd3 Qf7 24. Qc5 Qf6 25. e3 Rd5 26. Qc2 h5 27. Be4
Rxd1+ 28. Rxd1 Bg4 29. Rd2 h4 30. Qc5 hxg3 31. fxg3 Bh3 32. Rf2 Qe6 33. Rf8+
Rxf8 34. Qxf8+ Kc7 35. Qg7+ Kb6 36. a5+ Ka6 37. Bd3+ Kxa5 38. Qxb7 {Black
forfeits on time} 1-0